 Dungeon Crawl Stone Soup version 0.26-a0-501-g5717042 (webtiles) character file.

Game seed: 9657214167817280463

17840 MrTaco21 the Basher (level 12, -9/80 HPs)
             Began as a Gargoyle Fighter on Aug 7, 2020.
             Was an Initiate of Gozag.
             Killed by divine providence
             ... invoked by a meliai
              (15 damage)
             ... on level 13 of the Dungeon.
             The game lasted 00:27:26 (13326 turns).

MrTaco21 the Basher (Gargoyle Fighter)             Turns: 13326, Time: 00:27:26

Health: -9/80      AC: 25    Str: 28    XL:     12   Next: 52%
Magic:  12/12      EV:  6    Int: 11    God:    Gozag
Gold:   1897       SH: 18    Dex:  9    Spells: 11/11 levels left

rFire    . . .     SeeInvis +   M - +3 flail (freeze)
rCold    . . .     Faith    .   c - +0 kite shield
rNeg     + . .     Spirit   .   H - +0 plate armour
rPois    ∞         Reflect  +   q - +1 helmet
rElec    +         Harm     .   (no cloak)
rCorr    +                      g - +1 pair of gloves
MR       .....                  f - +0 pair of boots
Stlth    ..........             J - amulet of reflection
HPRegen  0.23/turn              B - ring "Hetz" {rCorr Str+5}
MPRegen  0.13/turn              z - ring of see invisible

@: no status effects
A: negative energy resistance 1, electricity resistance, unbreathing,
petrification resistance, rot immunity, AC +8
a: Potion Petition, Call Merchant, Bribe Branch, Renounce Religion


You were on level 13 of the Dungeon.
You worshipped Gozag.
Gozag was most pleased with you.
You visited 2 branches of the dungeon, and saw 14 of its levels.

You collected 2040 gold pieces.
You spent 72 gold pieces at shops.
You paid 71 gold pieces to Gozag.

Inventory:

Hand Weapons
 M - a +3 flail of freezing (weapon)
   (You took it off a wight on level 9 of the Dungeon)
Missiles
 m - 28 poisoned darts (quivered)
 G - 3 throwing nets {!f}
Armour
 c - a +0 kite shield (worn)
 f - a +0 pair of boots (worn)
   (You found it on level 1 of the Dungeon)
 g - a +1 pair of gloves (worn)
   (You found it on level 1 of the Dungeon)
 q - a +1 helmet (worn)
   (You found it on level 2 of the Dungeon)
 H - a +0 plate armour (worn)
   (You took it off an orc warrior on level 11 of the Dungeon)
Jewellery
 z - a ring of see invisible (right hand)
   (You found it on level 3 of the Dungeon)
 B - the ring "Hetz" (left hand) {rCorr Str+5}
   (You found it on level 5 of the Dungeon)

   [ring of resist corrosion]

   It affects your strength (+5).
   It provides partial protection from all sources of acid and corrosion.
 J - an amulet of reflection (around neck)
   (You found it on level 12 of the Dungeon)
Wands
 d - a wand of iceblast (10)
   (You found it on level 5 of the Dungeon)
 t - a wand of flame (17)
   (You found it on level 9 of the Dungeon)
 u - a wand of paralysis (8)
   (You found it on level 3 of the Dungeon)
 v - a wand of digging (9)
   (You took it off a wight on level 7 of the Dungeon)
 x - a wand of acid (6)
   (You took it off an orc on level 12 of the Dungeon)
 D - a wand of enslavement (10)
   (You took it off an orc on level 6 of the Dungeon)
Scrolls
 a - a scroll of immolation {!r}
 h - 9 scrolls of fear
 j - 4 scrolls of fog
 k - a scroll of blinking {unknown}
 l - 7 scrolls of remove curse {@r2}
 n - 7 scrolls of magic mapping
 y - 3 scrolls of enchant armour {unknown}
 A - 2 scrolls of enchant weapon {unknown}
 C - 2 scrolls of noise {unknown}
 E - 2 scrolls of teleportation {@r4}
 F - 5 scrolls of identify {@r1}
 K - a scroll of silence {unknown}
 L - 2 scrolls of amnesia {unknown}
 N - a scroll of torment {unknown}
Potions
 b - 5 potions of flight {unknown}
 e - a potion of degeneration {!q}
 i - 8 potions of curing {@q1}
 o - a potion of stabbing
 p - 3 potions of mutation {!q}
 r - 3 potions of lignification {!q}
 s - 4 potions of heal wounds {@q2}
 w - a potion of might
 I - a potion of ambrosia {unknown}


   Skills:
 + Level 11.4 Fighting
 - Level 14.0 Maces & Flails
 - Level 3.2 Armour
 + Level 11.5 Shields


You had 11 spell levels left.
You didn't know any spells.
Your spell library contained the following spells:

 Spells                   Type           Power        Failure   Level
 Beastly Appendage        Tmut           #.....       100%        1
 Corona                   Hex            #......      100%        1
 Shock                    Conj/Air       #...         100%        1
 Ensorcelled Hibernation  Hex/Ice        #.....       100%        2
 Swiftness                Air            #.......     100%        2
 Wereblood                Tmut           #.......     100%        2
 Confusing Touch          Hex            #.......     100%        3
 Dazzling Flash           Conj/Hex       #.....       100%        3
 Spider Form              Tmut/Pois      #.........   100%        3
 Static Discharge         Conj/Air       #.......     100%        3
 Tukima's Dance           Hex            #.......     100%        3
 Airstrike                Air            #.........   100%        4
 Ice Form                 Ice/Tmut       #.......     100%        4
 Blade Hands              Tmut           #.........   100%        5
 Lightning Bolt           Conj/Air       #.........   100%        5


Dungeon Overview and Level Annotations

Branches:
Dungeon (13/15)            Temple (1/1) D:6            Lair (0/6) D:9
    Orc (0/2) D:9
 Vaults: D:13-14

Altars:
Ashenzari
Cheibriados
Dithmenos
Elyvilon
Fedhas
Gozag
Hepliaklqana
Kikubaaqudgha
Makhleb
Nemelex Xobeh
Okawaru
Qazlal
Ru
Sif Muna
Trog
Uskayaw
Vehumet
Wu Jian
Xom
Yredelemnul
Zin
The Shining One

Shops:
D:4 ?   D:5 *   D:8 [


Innate Abilities, Weirdness & Mutations

You are resistant to torment.
Your stone body is resilient. (AC +8)
You are immune to poison.
You resist negative energy. (rN+)
You are resistant to electric shocks. (rElec)
You can survive without breathing.
You are immune to petrification.
You are immune to rotting.


Message History

You block the skeletal warrior's attack.
You hit the skeletal warrior but do no damage.
Your shield and plate armour prevent you from hitting the skeletal warrior.
The skeletal warrior hits you but does no damage.
You hit the skeletal warrior. You hit the skeletal warrior.
The skeletal warrior barely misses you.
A meliai comes into view. It is wielding a +0 hand axe.
You hit the skeletal warrior but do no damage.
The skeletal warrior hits you with a +0 war axe!
You completely miss the skeletal warrior.
You hit the skeletal warrior.
The meliai invokes the aid of its god against you.
Something smites you!
You block the skeletal warrior's attack.
You bludgeon the skeletal warrior!! You freeze the skeletal warrior.
You hit the skeletal warrior.
You block the skeletal warrior's attack.
You closely miss the skeletal warrior. The meliai hits you but does no damage.
You block the meliai's attack.
The skeletal warrior closely misses you.
You barely miss the skeletal warrior. You block the meliai's attack.
The meliai stings you.
You hit the skeletal warrior but do no damage.
The meliai hits you with a +0 hand axe. You block the meliai's attack.
The skeletal warrior hits you with a +0 war axe!!
* * * LOW HITPOINT WARNING * * *
The meliai hits you with a +0 hand axe.
* * * LOW HITPOINT WARNING * * *
You block the meliai's attack.
You thump the skeletal warrior! You freeze the skeletal warrior.
The meliai hits you but does no damage.
The meliai stings you but does no damage.
You hit the skeletal warrior but do no damage.
The meliai invokes the aid of its god against you.
Something smites you!
* * * LOW HITPOINT WARNING * * *
The skeletal warrior hits you with a +0 war axe!
* * * LOW HITPOINT WARNING * * *
You block the meliai's attack. x2
The meliai hits you but does no damage. The meliai completely misses you.
You block the meliai's attack.
The meliai stings you but does no damage.
The meliai barely misses you.
The meliai stings you but does no damage.
The meliai hits you but does no damage.
The meliai stings you but does no damage.
The meliai mumbles some strange prayers to its god against you.
Something smites you!
You die...
Your body crumbles into a pile of gold.

#............# ##.##
#............# ##..<.##
#...........## ##......#
###$...###### ###.......##
###.##.## ##..........#
###.......# ###.....)......
#.........# ###..z.........#.
##.........###..$.y......####
#....###.#......@.$....###
..................$..#..#
...................##...#
.................### ...#
..............$.## ...#
..............### ...#
.......^....(## .#
#............# ##.........#..


You could see a skeletal warrior and a meliai.

Vanquished Creatures
  Harold (D:7)
  4 two-headed ogres
  3 skeletal warriors (D:13)
  An unseen horror (D:11)
  An ugly thing (D:13)
  Psyche (D:10)
  A gargoyle (D:11)
  A komodo dragon (D:13)
  2 trolls
  Grinder (D:5)
  6 slime creatures
  5 hippogriffs
  2 wraiths
  Sigmund (D:2)
  A centaur simulacrum (D:13)
  6 yaks (D:11)
  A wyvern (D:13)
  A basilisk (D:13)
  2 wargs (D:9)
  Menkaure (D:7)
  Edmund (D:6)
  Duvessa (D:4)
  A water moccasin (D:5)
  6 orc warriors
  A black bear (D:10)
  5 sky beasts
  4 ice beasts
  5 ogres
  2 phantoms
  10 centaurs
  Blork the orc (D:4)
  6 bullfrogs
  Dowan (D:4)
  3 scorpions
  15 wights
  9 killer bees
  6 howler monkeys
  A centaur zombie (D:9)
  A quasit (D:12)
  6 orc priests
  3 bullfrog zombies
  7 hounds
  3 jellies
  A gnoll shaman (D:5)
  15 orc wizards
  3 bullfrog skeletons
  2 iguanas
  Jessica (D:2)
  A centaur skeleton (D:4)
  5 worker ants
  A killer bee zombie (D:7)
  2 hound skeletons
  A howler monkey zombie (D:6)
  A worker ant zombie (D:5)
  Robin (D:2)
  9 adders
  3 gnolls (D:6)
  3 shadow imps
  5 white imps
  3 ufetubi
  An adder skeleton (D:5)
  3 adder zombies
  5 worms
  3 dart slugs
  7 leopard geckos
  38 orcs
  9 bats
  3 giant cockroaches
  16 goblins
  9 hobgoblins
  14 jackals
  8 kobolds
  5 quokkas
  A ball python (D:2)
  6 frilled lizards
  A jackal skeleton (D:6)
  11 rats
337 creatures vanquished.

Vanquished Creatures (others)
  A wight (D:12)
  A plant (D:9)
2 creatures vanquished.

Grand Total: 339 creatures vanquished

Notes
Turn   | Place    | Note
-------+----------+-------------------------------------------
     0 | D:1      | MrTaco21 the Gargoyle Fighter began the quest for the Orb.
     0 | D:1      | Reached XP level 1. HP: 14/14 MP: 1/1
    59 | D:1      | Reached XP level 2. HP: 14/19 MP: 2/2
   232 | D:1      | Reached skill level 3 in Maces & Flails
   452 | D:1      | Reached XP level 3. HP: 21/23 MP: 3/3
   906 | D:2      | Reached skill level 4 in Maces & Flails
   909 | D:2      | Reached XP level 4. HP: 28/28 MP: 4/4
   918 | D:2      | Noticed Robin
  1064 | D:2      | Noticed Jessica
  1112 | D:2      | Killed Jessica
  1112 | D:2      | Reached skill level 5 in Maces & Flails
  1116 | D:2      | Reached XP level 5. HP: 17/32 MP: 5/5
  1174 | D:2      | Killed Robin
  1393 | D:2      | Noticed Sigmund
  1442 | D:2      | Killed Sigmund
  1442 | D:2      | Reached skill level 6 in Maces & Flails
  1442 | D:2      | Reached XP level 6. HP: 21/37 MP: 6/6
  2424 | D:4      | Reached skill level 7 in Maces & Flails
  2460 | D:4      | Noticed Blork the orc
  2618 | D:2      | Reached XP level 7. HP: 12/41 MP: 7/7
  2969 | D:4      | Killed Blork the orc
  2969 | D:4      | Reached skill level 8 in Maces & Flails
  3042 | D:4      | Found Lemialec's Magic Scroll Shop.
  3046 | D:4      | Noticed Duvessa
  3047 | D:4      | Noticed Dowan
  3076 | D:4      | Killed Duvessa
  3095 | D:4      | Killed Dowan
  3310 | D:4      | Bought a scroll of identify for 24 gold pieces
  3310 | D:4      | Bought a scroll of identify for 24 gold pieces
  3310 | D:4      | Bought a scroll of identify for 24 gold pieces
  3312 | D:4      | Found a stormy altar of Qazlal.
  3616 | D:3      | Reached skill level 9 in Maces & Flails
  3616 | D:3      | Reached XP level 8. HP: 46/46 MP: 2/8
  3650 | D:5      | Entered Level 5 of the Dungeon
  3653 | D:5      | Noticed Grinder
  3683 | D:5      | Killed Grinder
  4001 | D:5      | Found Esuuq's Assorted Antiques.
  4030 | D:5      | Reached skill level 10 in Maces & Flails
  4541 | D:5      | Reached skill level 11 in Maces & Flails
  4634 | D:5      | Got a sparkling glass ring
  4637 | D:5      | Identified the ring "Hetz" {rCorr Str+5} (You found it on
                  | level 5 of the Dungeon)
  4778 | D:5      | Reached XP level 9. HP: 51/51 MP: 3/9
  4786 | D:5      | Found a blossoming altar of Fedhas.
  5434 | D:6      | Reached skill level 12 in Maces & Flails
  5488 | D:6      | Found a staircase to the Ecumenical Temple.
  5582 | D:6      | Noticed Edmund
  5601 | D:6      | Killed Edmund
  5620 | Temple   | Entered the Ecumenical Temple
  5706 | Temple   | Became a worshipper of Gozag Ym Sagoz the Greedy
  5940 | D:6      | Found a shattered altar of Ashenzari.
  6002 | D:6      | Found a hide-covered altar of Uskayaw.
  6328 | D:7      | Noticed Menkaure
  6328 | D:7      | Noticed Harold
  6336 | D:7      | Killed Menkaure
  6347 | D:7      | Killed Harold
  6347 | D:7      | Reached skill level 13 in Maces & Flails
  6679 | D:6      | Reached XP level 10. HP: 31/56 MP: 10/10
  7183 | D:7      | Reached skill level 14 in Maces & Flails
  7728 | D:8      | Found a shattered altar of Ashenzari.
  8165 | D:8      | Found Bifuol's Armour Shoppe.
  8418 | D:9      | Reached skill level 5 in Shields
  8508 | D:9      | Found a staircase to the Lair.
  8513 | D:9      | Reached skill level 5 in Fighting
  8770 | D:9      | Found a radiant altar of Vehumet.
  8779 | D:9      | Found an ancient bone altar of Kikubaaqudgha.
  8790 | D:9      | Found a shimmering blue altar of Sif Muna.
  9017 | D:9      | Found a staircase to the Orcish Mines.
  9597 | D:9      | Found a bloodstained altar of Trog.
  9616 | D:9      | Found a shimmering altar of Xom.
  9651 | D:9      | Reached XP level 11. HP: 61/66 MP: 11/11
  9687 | D:10     | Entered Level 10 of the Dungeon
  9919 | D:10     | Noticed Psyche
  9926 | D:10     | Killed Psyche
 10497 | D:11     | Noticed a two-headed ogre
 10503 | D:11     | Killed a two-headed ogre
 10738 | D:11     | Noticed an unseen horror
 10745 | D:11     | Killed an unseen horror
 10829 | D:11     | Noticed a two-headed ogre
 10835 | D:11     | Killed a two-headed ogre
 11266 | D:11     | Noticed a two-headed ogre
 11273 | D:11     | Killed a two-headed ogre
 11754 | D:12     | Found a blossoming altar of Fedhas.
 11782 | D:12     | Reached skill level 10 in Shields
 11835 | D:12     | Reached skill level 10 in Fighting
 11855 | D:12     | Reached XP level 12. HP: 77/77 MP: 12/12
 12338 | D:12     | Noticed a two-headed ogre
 12347 | D:12     | Killed a two-headed ogre
 13320 | D:13     | HP: 4/80 [skeletal warrior/+0 war axe[a skeletal warrior]
                  | (11)]
 13326 | D:13     | Killed from afar by a meliai

Illustrated notes

Levels and vault maps discovered:
D:1:      eino_arrival_cavern_a, layout_rooms, minmay_pentomino_q4
D:2:      layout_rooms, uniq_robin, uniq_sigmund, uniq_jessica
D:3:      layout_rooms
D:4:      layout_rooms, nicolae_qazlal_general_emergency, serial_shops,
          shop_statue, serial_park_tiny_pond, uniq_blork_the_orc, uniq_duvessa
D:5:      layout_loops_ring, lemuel_coloured_pillars_altar, serial_shops,
          nicolae_shop_behind_doors, chequers_serial_rivers_micro_c,
          wad_rectangle_vault, uniq_grinder
D:6:      layout_loops_ring, marbit_many_paths, minmay_temple_entry_junction_2,
          basic_altar, uniq_edmund
D:7:      layout_rooms, minivault_23, uniq_menkaure, uniq_harold
D:8:      layout_basic, ashenzari_conservatory_becter, serial_shops,
          nicolae_shop_statue_plus
D:9:      layout_loops_corners, palyth_temple_overflow_mages, minitemple,
          erik_lair_orcish_takeover, orc_0_dummy, serial_bayou_pond_b
D:10:     layout_roguey, uniq_psyche
D:11:     layout_stronghold
D:12:     layout_roguey, basic_altar
D:13:     layout_cave_pods, serial_shops, shop, serial_ice, serial_ice_n,
          serial_ice_a, serial_ice_j, serial_ice_b, serial_ice_c, serial_ice_d,
          serial_ice_h, serial_ice_m, portal_ice_cave_entry_ice_beasts,
          nicolae_barding_shop, uniq_erolcha, uniq_jorgrun, uniq_sonja
Temple:   dshaligram_water_room_temple

Skill      XL: |  1  2  3  4  5  6  7  8  9 10 11 12 |
---------------+-------------------------------------+-----
Maces & Flails | 3 4 5 6 7 9 11 13 14 | 14.0
Fighting       | 6 10 11 | 11.4
Shields        | 6 10 11 | 11.5
Armour         | |  3.2

Action                   |  1- 3 |  4- 6 |  7- 9 | 10-12 || total
-------------------------+-------+-------+-------+-------++-------
Melee: Flail             |   144 |   249 |   412 |   708 ||  1513
Throw: Dart              |       |       |       |     1 ||     1
  Use: Scroll            |       |       |    15 |       ||    15
 Stab: Held in net/web   |       |       |     1 |       ||     1
       Distracted        |       |       |       |     1 ||     1
Armor: Scale mail        |    67 |   198 |   231 |    97 ||   593
       Chain mail        |       |       |       |   172 ||   172
       Plate armour      |       |       |       |    74 ||    74
Dodge: Dodged            |    49 |   105 |   100 |   147 ||   401
Block: Kite shield       |    75 |   185 |   201 |   372 ||   833

Table legend: (Time is in decaauts)
 A = Elapsed time spent in this place.
 B = Non-inter-level travel time spent in this place.
 C = Inter-level travel time spent in this place.
 D = Time resting spent in this place.
 E = Time spent auto-exploring this place.
 F = Levels seen in this place.
 G = Mean time per level.
                   A        B        C        D        E       F      G
               +--------+--------+--------+--------+--------+-----+--------+
         Total |  13215 |  12654 |    561 |   2654 |   7091 |  14 |  943.9 |
       Dungeon |  13115 |  12566 |    549 |   2654 |   7016 |  13 | 1008.8 |
        Temple |     99 |     87 |     12 |      0 |     75 |   1 |   99.0 |
               +--------+--------+--------+--------+--------+-----+--------+

Top non-repeatable levels by time:
    D:11: 1535 daAuts
     D:5: 1534 daAuts
     D:6: 1504 daAuts
     D:2: 1423 daAuts
     D:9: 1303 daAuts
    D:12: 948 daAuts
     D:7: 883 daAuts
     D:4: 791 daAuts
     D:1: 768 daAuts
     D:3: 767 daAuts
    D:10: 730 daAuts
     D:8: 620 daAuts
    D:13: 302 daAuts
  Temple: 99 daAuts
